 Dungeon Crawl Stone Soup version 0.32-a0-814-g0968bab981 (webtiles) character file.

Game seed: 16071519903963244950

24122 Griffin23 the Fencer (level 12, -4/101 HPs)
             Began as a Minotaur Fighter on Mar 22, 2024.
             Was a High Priest of Ignis.
             Slain by a profane servitor
             ... wielding a +2 demon whip of freezing
              (7 damage)
             ... on level 2 of the Abyss.
             The game lasted 00:25:02 (15658 turns).

Griffin23 the Fencer (Minotaur Fighter)            Turns: 15658, Time: 00:25:02

Health: -4/101     AC: 21    Str: 25    XL:     12   Next: 77%
Magic:  11/11      EV: 11    Int:  4    God:    Ignis [*****.]
Gold:   759        SH:  0    Dex: 14    Spells: 11/11 levels left

rFire   + . .        H - +2 triple sword (venom)
rCold   . . .        (shield currently unavailable)
rNeg    . . .        K - +0 plate armour
rPois   +            (helmet restricted)
rElec   .            O - scarf {shadows}
rCorr   .            A - +0 pair of gloves
SInv    .            (no boots)
Will    .....        (no amulet) Stlth
                     l - +5 ring of evasion
HPRegen 0.36/turn    m - ring of poison resistance
MPRegen 0.12/turn

%: random rage (3%)
@: about to teleport, on berserk cooldown, slowed, wreathed by umbra, studying
Stealth, very slow
A: horns 2, retaliatory headbutt, iridescent scales 2, agile 1, berserk 1, frail
1
a: Renounce Religion, Fiery Armour, Foxfire Swarm, Rising Flame


You were on level 2 of the Abyss.
You worshipped Ignis.
Ignis was extremely pleased with you.
You visited 2 branches of the dungeon, and saw 14 of its levels.
You visited the Abyss 1 time.

You collected 759 gold pieces.

Inventory:

Hand Weapons
 a - a +1 long sword
 H - a +2 triple sword of venom (weapon)
 J - a +4 long sword of freezing
Missiles
 C - a throwing net (quivered)
Armour
 b - a +0 scale mail
 c - a +0 buckler
 h - a +0 chain mail
 x - a +0 kite shield
 A - a +0 pair of gloves (worn)
 D - a +2 kite shield
 K - a +0 plate armour (worn)
 O - a scarf of shadows (worn)
Jewellery
 l - a +5 ring of evasion (left hand)
 m - a ring of poison resistance (right hand)
 y - a ring of magical power
 S - a ring of ice
 W - a ring of wizardry
Wands
 k - a wand of digging (6)
 n - a wand of polymorph (6)
 B - a wand of mindburst (13)
 F - a wand of charming (11)
 M - a wand of flame (9)
 R - a wand of warping (6)
 X - a wand of light (14)
Scrolls
 f - a scroll of blinking
 i - 6 scrolls of vulnerability
 j - 2 scrolls of fog
 o - a scroll of revelation
 q - 3 scrolls of noise
 r - 3 scrolls of immolation
 s - a scroll of brand weapon {unknown}
 t - a scroll of poison {unknown}
 v - a scroll of summoning {unknown}
 w - 2 scrolls of fear {unknown}
 z - 3 scrolls of amnesia
 G - 2 scrolls of enchant weapon
 P - 2 scrolls of teleportation
 V - a scroll of identify
Potions
 d - a potion of might
 e - 3 potions of haste
 g - 2 potions of brilliance
 p - a potion of resistance {unknown}
 u - 2 potions of cancellation
 E - a potion of heal wounds
 I - a potion of invisibility {unknown}
 L - 2 potions of attraction
 N - a potion of berserk rage {unknown}
 Q - 2 potions of enlightenment {unknown}
 T - 2 potions of curing {unknown}
 U - 3 potions of degeneration {unknown}
 Y - a potion of lignification {unknown}


   Skills:
 + Level 12.4 Fighting
 * Level 16.3 Long Blades
 + Level 12.5 Armour
 - Level 11.8 Shields


You had 11 spell levels left.
You didn't know any spells.
Your spell library contained the following spells:

 Spells                   Type           Power      Damage    Failure   Level
 Magic Dart               Conj           0%         1d3       99%         1
 Slow                     Hex            0%         N/A       99%         1
 Blink                    Tloc           0%         N/A       100%        2
 Call Imp                 Summ           0%         N/A       100%        2
 Lesser Beckoning         Tloc           0%         N/A       100%        2
 Momentum Strike          Conj/Tloc      0%         3d8       100%        2
 Confusing Touch          Hex            0%         N/A       100%        3
 Tukima's Dance           Hex            0%         N/A       100%        3
 Vampiric Draining        Necr           0%         2d6       100%        3
 Dimensional Bullseye     Hex/Tloc       0%         N/A       100%        4
 Iskenderun's Mystic Bla  Conj/Tloc      0%         2d3       100%        4


Dungeon Overview and Level Annotations

Branches:
Dungeon (11/15)            Temple (0/1) D:6            Lair (3/5) D:8
  Swamp (0/4) Lair:3       Spider (0/4) Lair:2
    Orc: D:9-12

Altars:
Elyvilon
Fedhas
Kikubaaqudgha
Nemelex Xobeh
Okawaru
Qazlal
Ru
Vehumet
Wu Jian
Xom
Yredelemnul
Zin
Beogh
Ignis

Shops:
D:6 :

Annotations:
D:4 3 runed translucent doors, smashvw's ghost, novice GnHu
Lair:3 Sonja


Innate Abilities, Weirdness & Mutations

You have a pair of horns on your head.
You reflexively headbutt those who attack you in melee.
You are mostly covered in iridescent scales. (AC +4)
You are agile. (Dex +4, Str/Int -1)
You sometimes lose your temper in combat.
You are frail. (-10% HP)


Message History

You headbutt the smoke demon!
The smoke demon hits you but does no damage. x2
You hit the smoke demon but do no damage.
The smoke demon is severely wounded.
The profane servitor is engulfed in a cloud of scalding steam.
The profane servitor hits you but does no damage. x2
The smoke demon hits you but does no damage. x2
The smoke demon barely misses you.
The profane servitor is engulfed in a cloud of scalding steam.
The profane servitor hits you with a +2 demon whip of freezing!
* * * LOW HITPOINT WARNING * * *
The profane servitor draws strength from your injuries!
The profane servitor freezes you.
* * * LOW HITPOINT WARNING * * *
The profane servitor closely misses you.
The smoke demon hits you but does no damage.
The smoke demon barely misses you. The smoke demon closely misses you.
The profane servitor hits you but does no damage. x2
You hit the smoke demon. You headbutt the smoke demon!
The smoke demon is almost dead.
The profane servitor hits you with a +2 demon whip of freezing!
* * * LOW HITPOINT WARNING * * *
The profane servitor draws strength from your injuries!
The profane servitor freezes you.
* * * LOW HITPOINT WARNING * * *
The profane servitor hits you with a +2 demon whip of freezing.
* * * LOW HITPOINT WARNING * * *
The profane servitor freezes you.
* * * LOW HITPOINT WARNING * * *
The smoke demon closely misses you.
The smoke demon hits you but does no damage.
The smoke demon closely misses you.
The profane servitor hits you with a +2 demon whip of freezing!
* * * LOW HITPOINT WARNING * * *
The profane servitor draws strength from your injuries!
The profane servitor freezes you.
* * * LOW HITPOINT WARNING * * *
The profane servitor hits you with a +2 demon whip of freezing!
You die...
Ignis goes out, and joins you in death.

#. .##.####.
##...#.# . ..
####...##..
....#~#####.##.
. ..#~...3##...
......#.@..#...
...~....A......
##.~..........
..............
...∩...........
...............
.........#...#
.......### ...
.. #### #.


You could see a profane servitor and a smoke demon.

Vanquished Creatures
  An eleionoma (Lair:3)
  Josephine (D:10)
  Fannar (Lair:1)
  A spriggan skeleton (Abyss:2)
  2 two-headed ogres (D:8)
  Pikel (D:9)
  2 manticores (D:11)
  A black mamba (Lair:1)
  5 elephants
  4 cane toads
  Joseph (D:8)
  11 komodo dragons
  2 rime drakes (Lair:2)
  A troll (D:10)
  A polar bear (Lair:3)
  A hornet (D:9)
  5 blink frogs (Lair:2)
  3 wraiths (D:10)
  9 yaks
  2 wyverns
  Eustachio (D:6)
  Grum (Lair:1)
  4 basilisks
  A steam dragon (D:6)
  3 acid dragons
  2 orc warriors
  10 water moccasins
  2 sky beasts
  9 black bears
  2 ogres (D:7)
  An ice beast (D:6)
  19 wolves
  4 lemures (D:9)
  9 bullfrogs
  8 kobold brigands
  A brain worm (D:4)
  Blork the orc (D:6)
  3 scorpions
  4 wights (D:7)
  18 killer bees
  7 howler monkeys
  6 orc priests
  A bombardier beetle (D:7)
  4 hounds
  A jelly (D:5)
  A sleepcap (D:7)
  An iguana (D:5)
  5 orc wizards
  4 gnolls (D:2)
  10 adders
  2 shadow imps
  2 ufetubi (D:6)
  A dart slug (D:2)
  5 ribbon worms
  19 orcs
  11 endoplasms
  5 giant cockroaches
  12 goblins
  8 hobgoblins
  3 jackals (D:2)
  2 quokkas
  9 ball pythons
  2 bats
  6 frilled lizards
  39 kobolds
  5 rats
329 creatures vanquished.

Notes
Turn   | Place    | Note
-------+----------+-------------------------------------------
     0 | D:1      | Griffin23 the Minotaur Fighter began the quest for the Orb.
     0 | D:1      | Reached XP level 1. HP: 19/19 MP: 0/0
   295 | D:1      | Reached XP level 2. HP: 24/27 MP: 1/1
  1046 | D:2      | Found a faded altar of an unknown god.
  1139 | D:2      | Reached skill level 3 in Long Blades
  1139 | D:2      | Reached XP level 3. HP: 33/33 MP: 2/2
  1172 | D:2      | Prayed at the altar of an unknown god.
  1172 | D:2      | Became a worshipper of Ignis, the Dying Flame
  1261 | D:2      | Reached XP level 4. HP: 38/40 MP: 3/3
  2058 | D:3      | Found a stormy altar of Qazlal.
  2172 | D:3      | Found a blossoming altar of Fedhas.
  2407 | D:3      | Reached XP level 5. HP: 44/47 MP: 4/4
  2874 | D:4      | Found a runed translucent gate.
  2874 | D:4      | Identified the +3 whip "Conservator" {heavy, rF+ Will+}
  2874 | D:4      | Noticed smashvw's ghost (novice GnHu)
  2875 | D:4      | Found a runed translucent gate.
  2876 | D:4      | Found a runed translucent gate.
  2878 | D:4      | Identified the +9 chain mail "Dovun" {Dex+4}
  2878 | D:4      | Noticed an orc warrior
  2975 | D:4      | Found a basalt altar of Yredelemnul.
  2975 | D:4      | Found a sacrificial altar of Ru.
  3052 | D:4      | Reached skill level 4 in Long Blades
  3102 | D:4      | Reached skill level 5 in Fighting
  3102 | D:4      | Reached skill level 5 in Armour
  3102 | D:4      | Reached skill level 5 in Shields
  3224 | D:4      | Found a shimmering altar of Xom.
  3233 | D:4      | Reached XP level 6. HP: 32/56 MP: 0/5
  3588 | D:4      | Found a roughly hewn altar of Beogh.
  3657 | D:5      | Entered Level 5 of the Dungeon
  3657 | D:5      | Found an ornate altar of the Wu Jian Council.
  3702 | D:5      | Found an iron altar of Okawaru.
  3947 | D:5      | Reached skill level 5 in Long Blades
  3958 | D:5      | Reached XP level 7. HP: 16/61 MP: 6/6
  3969 | D:5      | HP: 2/62 [orc priest/divine providence (10)]
  4518 | D:5      | Found an ancient bone altar of Kikubaaqudgha.
  4648 | D:5      | Reached skill level 6 in Long Blades
  4785 | D:6      | Noticed Eustachio
  4794 | D:6      | Found a staircase to the Ecumenical Temple.
  4803 | D:6      | Found Icyrphuaw's Vocational Training.
  5094 | D:6      | Killed Eustachio
  5095 | D:6      | Reached skill level 7 in Long Blades
  5095 | D:6      | Reached XP level 8. HP: 49/71 MP: 7/7
  5354 | D:6      | Found a white marble altar of Elyvilon.
  5478 | D:6      | Noticed Blork the orc
  5490 | D:6      | Killed Blork the orc
  5749 | D:6      | Reached skill level 8 in Long Blades
  5783 | D:6      | Found a glowing silver altar of Zin.
  6331 | D:7      | Reached XP level 9. HP: 57/79 MP: 8/8
  6347 | D:7      | Noticed a komodo dragon
  6354 | D:7      | HP: 3/79 [komodo dragon (21)]
  6362 | D:7      | Gained mutation: You are agile. (Dex +4, Str/Int -1)
                  | [potion of mutation]
  6365 | D:7      | Reached skill level 9 in Long Blades
  6681 | D:7      | Killed a komodo dragon
  7495 | D:7      | Reached skill level 10 in Long Blades
  7916 | D:8      | Noticed a two-headed ogre
  7923 | D:8      | Killed a two-headed ogre
  8195 | D:8      | Reached XP level 10. HP: 63/90 MP: 9/9
  8272 | D:8      | Found a staircase to the Lair.
  8436 | D:8      | Noticed Joseph
  8444 | D:8      | Killed Joseph
  8445 | D:8      | Reached skill level 11 in Long Blades
  8854 | D:8      | Noticed a two-headed ogre
  8864 | D:8      | Killed a two-headed ogre
  9326 | D:9      | Reached skill level 12 in Long Blades
  9375 | D:9      | Noticed Pikel
  9400 | D:9      | Killed Pikel
  9622 | D:9      | Found a radiant altar of Vehumet.
 10017 | D:9      | Lost mutation: You are agile. (Dex +4, Str/Int -1) [potion
                  | of mutation]
 10017 | D:9      | Gained mutation: You have large cloven feet. [potion of
                  | mutation]
 10017 | D:9      | Gained mutation: You are resistant to electric shocks.
                  | (rElec) [potion of mutation]
 10017 | D:9      | Gained mutation: You are partially covered in iridescent
                  | scales. (AC +2) [potion of mutation]
 10018 | D:9      | Lost mutation: You have large cloven feet. [potion of
                  | mutation]
 10018 | D:9      | Lost mutation: You are partially covered in iridescent
                  | scales. (AC +2) [potion of mutation]
 10018 | D:9      | Gained mutation: You are frail. (-10% HP) [potion of
                  | mutation]
 10018 | D:9      | Gained mutation: You passively map a small area around you.
                  | [potion of mutation]
 10018 | D:9      | Gained mutation: You are partially covered in iridescent
                  | scales. (AC +2) [potion of mutation]
 10018 | D:9      | Gained mutation: You have an increased reservoir of magic.
                  | (+10% MP) [potion of mutation]
 10756 | D:10     | Entered Level 10 of the Dungeon
 11017 | D:10     | Noticed Josephine
 11033 | D:10     | Killed Josephine
 11034 | D:10     | Reached skill level 10 in Fighting
 11034 | D:10     | Reached skill level 10 in Armour
 11034 | D:10     | Reached skill level 10 in Shields
 11034 | D:10     | Reached XP level 11. HP: 46/89 MP: 11/11
 11353 | D:10     | Reached skill level 13 in Long Blades
 11425 | D:10     | Found a sparkling altar of Nemelex Xobeh.
 11974 | D:11     | Noticed a white ugly thing
 12032 | Lair:1   | Entered Level 1 of the Lair of Beasts
 12326 | Lair:1   | Noticed Grum
 12369 | Lair:1   | Reached skill level 14 in Long Blades
 12682 | Lair:1   | Killed Grum
 12869 | Lair:1   | Lost mutation: You are resistant to electric shocks.
                  | (rElec) [potion of mutation]
 12869 | Lair:1   | Lost mutation: You have an increased reservoir of magic.
                  | (+10% MP) [potion of mutation]
 12869 | Lair:1   | Lost mutation: You passively map a small area around you.
                  | [potion of mutation]
 12869 | Lair:1   | Gained mutation: You sometimes lose your temper in combat.
                  | [potion of mutation]
 12869 | Lair:1   | Gained mutation: You are mostly covered in iridescent
                  | scales. (AC +4) [potion of mutation]
 12869 | Lair:1   | Gained mutation: You are agile. (Dex +4, Str/Int -1)
                  | [potion of mutation]
 13195 | Lair:1   | Noticed Fannar
 13211 | Lair:1   | Killed Fannar
 13212 | Lair:1   | Reached XP level 12. HP: 99/99 MP: 11/11
 13808 | Lair:2   | Found a hole to the Spider Nest.
 13832 | Lair:2   | Reached skill level 15 in Long Blades
 14249 | Lair:2   | Identified a scroll of acquirement
 14265 | Lair:2   | Acquired a +2 triple sword of venom
 15093 | Lair:3   | Reached skill level 16 in Long Blades
 15197 | Lair:3   | Found a staircase to the Swamp.
 15197 | Lair:3   | Noticed an eleionoma
 15212 | Lair:3   | Killed an eleionoma
 15599 | Lair:3   | Noticed Sonja
 15604 | Abyss:2  | Found a corrupted altar of Lugonu.
 15604 | Abyss:2  | Cast into level 2 of the Abyss (Sonja)
 15653 | Abyss:2  | Noticed a profane servitor
 15658 | Abyss:2  | HP: 5/101 [profane servitor/+2 demon whip of freezing (7)]
 15658 | Abyss:2  | Slain by a profane servitor

Illustrated notes

Levels and vault maps discovered:
D:1:      giann_horns, layout_basic, grunt_decor_mini_mirrors, st_stairs_2
D:2:      layout_loops_corners, ebering_ecumenical_altar_webs,
          grunt_ministairs_12, hangedman_decor_opposing
D:3:      layout_basic, grunt_temple_overflow_forces_of_nature,
          ebering_dispersal_statue_hall, kennysheep_generic_room_13
D:4:      layout_basic, gammafunk_temple_overflow_statue, xom_redecorated,
          biasface_ghost_orc_armoury
D:5:      layout_cave_pools, general_overflow_altar,
          mainiacjoe_overflow_large_starburst,
          mainiacjoe_sewer_entry_somewhere_in_here_2
D:6:      layout_loops_cross, elyvilon_altar_1,
          mainiacjoe_overflow_concentric_impassable,
          minmay_temple_entry_gardened_gates, nicolae_shop_vocational,
          uniq_blork_the_orc, uniq_eustachio
D:7:      layout_basic, minmay_manual_mail
D:8:      layout_basic, lair_entry_dummy, enter_bailey_3,
          serial_library_hellmonk_angled_corner, roderic_roman_lattice,
          uniq_joseph
D:9:      layout_cave_pods, fiery_altar_vehumet, grunt_decor_arrowhead,
          uniq_pikel
D:10:     layout_roguey, lemuel_tele_altar, uniq_josephine
D:11:     layout_layer_cave, serial_shops, kennysheep_mini
Lair:1:   layout_long_grid, cheibrodos_lair_reptile_den, uniq_grum, uniq_fannar
Lair:2:   layout_hall_layers, dummy_spider_entry,
          chequers_serial_rivers_micro_b, beast_lair_carwin_8
Lair:3:   dreamdust_cave_troll, layout_hall_layers,
          alex1729_swamp_entry_worm_eleionoma, uniq_sonja
Abyss:2:  base: Bailey, hangedman_abyss_or_decor_stabs,
          hangedman_abyss_or_decor_passed

Skill      XL: |  1  2  3  4  5  6  7  8  9 10 11 12 |
---------------+-------------------------------------+-----
Armour         | 4 5 6 7 8 10 11 12 | 12.5
Fighting       | 4 5 6 7 8 10 11 12 | 12.4
Shields        | 4 5 6 7 8 10 11 | 11.8
Long Blades    | 3 4 5 7 8 10 12 14 16 | 16.3

Action                     |  1- 3 |  4- 6 |  7- 9 | 10-12 || total
---------------------------+-------+-------+-------+-------++-------
  Melee: Long sword        |    71 |   174 |   310 |   533 ||  1088
         Headbutt          |    11 |    31 |    71 |   146 ||   259
         Triple sword      |       |       |       |   110 ||   110
    Use: Scroll            |       |     4 |     8 |     8 ||    20
         Potion            |       |       |     2 |     4 ||     6
 Armour: Scale mail        |    12 |       |       |       ||    12
         Chain mail        |    32 |   121 |   229 |       ||   382
         Plate armour      |       |       |     6 |   402 ||   408
  Dodge: Dodged            |    31 |   105 |   167 |   229 ||   532
  Block: Buckler           |    14 |    15 |       |       ||    29
         Kite shield       |       |    59 |   230 |   320 ||   609

Table legend: (Time is in decaauts)
 A = Elapsed time spent in this place.
 B = Non-inter-level travel time spent in this place.
 C = Inter-level travel time spent in this place.
 D = Time resting spent in this place.
 E = Time spent auto-exploring this place.
 F = Levels seen in this place.
 G = Mean time per level.
                   A        B        C        D        E       F      G
               +--------+--------+--------+--------+--------+-----+--------+
         Total |  15768 |  15074 |    694 |   3282 |   9487 |  15 | 1051.2 |
       Dungeon |  12415 |  11764 |    651 |   2438 |   7556 |  11 | 1128.6 |
          Lair |   3294 |   3251 |     43 |    834 |   1914 |   3 | 1098.0 |
         Abyss |     58 |     58 |      0 |     10 |     17 |   1 |   58.0 |
               +--------+--------+--------+--------+--------+-----+--------+

Top non-repeatable levels by time:
     D:9: 1733 daAuts
     D:8: 1540 daAuts
     D:7: 1497 daAuts
     D:6: 1442 daAuts
  Lair:2: 1318 daAuts
     D:5: 1261 daAuts
  Lair:1: 1245 daAuts
    D:10: 1117 daAuts
     D:2: 1017 daAuts
     D:3: 932 daAuts
     D:1: 921 daAuts
     D:4: 837 daAuts
  Lair:3: 730 daAuts
    D:11: 113 daAuts
 Abyss:2: 58 daAuts
